Map: 블루시프트 - 래더

Players

aLive

  • Race: Terran Terran
  • League: Grandmaster
  • Spawn Location: 1:00

Zest - Winner!

  • Race: Protoss Protoss
  • League: Master
  • Spawn Location: 7:00

Event: IEM Season 13 - Katowice Server Qualifiers Asia 2

VOD

Have the link to the VOD?

Description

Time

  • Played on: Jan. 22, 2019, 5:47 a.m.
  • Length: 7:57

All games in this series

Show
View Real Time Build Order
Export as new Build Order

aLive Terran 

Build Orders: Gas First Reaper Expand, Banshee Rush 

Get SALT Encoding   

  12  0:00  SCV  
  13  0:12  SCV  
  14  0:17  Supply Depot  
  14  0:24  SCV  
  15  0:28  Refinery  
  15  0:38  SCV  
  16  0:44  Barracks  
  16  0:50  SCV  
  17  1:03  SCV  
  18  1:15  SCV  
  19  1:30  Reaper  
  19  1:31  Orbital Command  
  20  1:42  Command Center  
  20  1:53  Factory  
  20  1:56  SCV  
  21  2:01  Refinery  
  21  2:05  Barracks Reactor  
  21  2:08  SCV  
  22  2:12  Supply Depot  
  22  2:20  SCV  
  23  2:34  SCV  
  24  2:42  Starport  
  24  2:45  Hellion x2  
  24  2:46  SCV  
  24  2:51  Barracks Tech Lab  
  29  2:58  SCV  
  30  3:10  SCV  
  30  3:16  Orbital Command  
  30  3:18  Cyclone  
  30  3:19  Marine x2  
  35  3:23  Starport Tech Lab  
  35  3:25  SCV  
  35  3:36  Marine  
  35  3:37  Marine  
  35  3:38  SCV  
  38  3:45  SCV  
  38  3:48  Cloaking Field, Banshee  
  39  3:54  Marine x2  
  43  4:02  SCV  
  43  4:03  SCV  
  43  4:05  Siege Tank  
  45  4:12  Marine x2  
  46  4:17  Supply Depot  
  46  4:22  SCV x2  
  48  4:30  Marine x2  
  50  4:34  SCV x2  
  50  4:38  Siege Tank  
  50  4:40  Bunker  
  53  4:48  Banshee  
  53  4:49  Marine x2  
  53  4:50  SCV x2, Supply Depot  
  60  5:02  Supply Depot  
  60  5:03  SCV x2  
  62  5:11  Marine x2  
  64  5:16  Siege Tank  
  67  5:24  Command Center, SCV x2  
  69  5:30  Marine x2  
  69  5:33  Banshee  
  74  5:38  Supply Depot  
  74  5:42  SCV x2  
  72  5:51  Refinery  
  72  5:52  Refinery  
  72  5:53  Marine  
  72  5:54  Marine, SCV  
  72  5:55  SCV  
  75  6:01  Siege Tank  
  78  6:07  SCV x2  
  78  6:10  Barracks  
  80  6:11  Barracks  
  74  6:19  SCV x2  
  74  6:23  Engineering Bay  
  74  6:24  Engineering Bay  
  66  6:34  Siege Tank  
  66  6:38  Starport Reactor  
  69  6:41  Orbital Command  
  69  6:42  Marine x2  
  69  6:43  Barracks  
  69  6:45  Barracks  
  67  6:50  SCV x2  
  72  7:01  Marine x2  
  71  7:08  Barracks  
  71  7:11  Siege Tank  
  71  7:14  Starport Reactor  
  71  7:19  Marine x2  
  73  7:25  Marine  
  74  7:31  Orbital Command  
  74  7:36  Marine, Barracks Tech Lab, Barracks Reactor, Supply Depot  
  74  7:37  Marine, Supply Depot  
  74  7:40  Barracks  
  77  7:44  SCV  
  77  7:45  Barracks, SCV  
Show
View Real Time Build Order
Export as new Build Order

Zest Protoss - Winner!

Build Orders: 1 Gate Expand, Blink Stalkers 

Get SALT Encoding   

  12  0:00  Probe  
  13  0:13  Probe  
  14  0:18  Pylon  
  14  0:24  Probe  
  15  0:32  Probe  
  15  0:36  Gateway  
  15  0:40  Probe  
  16  0:45  Assimilator  
  17  0:51  Probe  
  18  1:03  Probe  
  19  1:15  Probe  
  20  1:23  Cybernetics Core  
  20  1:31  Nexus  
  20  1:32  Probe  
  21  1:39  Pylon  
  21  1:44  Probe  
  22  1:48  Assimilator  
  22  1:50  Adept  
  22  1:56  Probe  
  22  2:01  Warp Gate  
  25  2:07  Stalker  
  25  2:08  Probe  
  26  2:20  Probe  
  29  2:31  Stalker  
  29  2:32  Probe  
  31  2:45  Probe x2  
  31  2:47  Twilight Council  
  33  2:56  Stalker  
  33  2:57  Probe x2  
  37  3:09  Probe  
  38  3:15  Blink  
  38  3:18  Probe, Stalker  
  39  3:21  Probe  
  39  3:26  Gateway  
  42  3:31  Gateway  
  42  3:38  Probe  
  43  3:42  Probe  
  43  3:46  Pylon  
  44  3:51  Probe  
  44  3:53  Robotics Facility  
  45  3:57  Probe  
  44  4:07  Probe  
  45  4:10  Probe  
  46  4:17  Pylon  
  46  4:19  Probe, Assimilator  
  46  4:23  Probe  
  48  4:31  Probe  
  48  4:35  Observer, Probe  
  48  4:37  Stalker x2  
  48  4:38  Stalker  
  54  4:44  Probe  
  56  4:46  Shield Battery  
  56  4:48  Pylon  
  56  4:50  Nexus  
  56  4:51  Shield Battery  
  56  4:54  Observer, Pylon  
  57  5:06  Stalker x2  
  61  5:07  Stalker  
  61  5:11  Charge  
  61  5:12  Probe x2  
  63  5:14  Observer  
  64  5:29  Gateway  
  63  5:47  Gateway  
  63  5:48  Gateway  
  63  5:50  Gateway  
  63  5:52  Gateway  
  63  5:53  Gateway  
  63  5:54  Gateway  
  63  6:03  Stalker x3  
  65  6:19  Warp Prism  
  63  6:37  Nexus  
  63  6:38  Pylon  
  63  6:41  Probe x2  
  65  6:48  Observer  
  65  7:02  Observer  
  65  7:07  Pylon  
  65  7:08  Pylon  
  65  7:16  Zealot x4  
  65  7:17  Zealot x2  
  74  7:36  Stalker  
  74  7:37  Zealot x6, Stalker x3  
  80  7:40  Pylon  
  80  7:42  Pylon  

Tags
 
Add a new tag
Caveats
  • Supply blocks, unpowered buildings, or Contaminate may cause inaccurate times.
  • Supply counts are checked every 10 seconds.